 Dungeon Crawl Stone Soup version 0.24.1-14-gf8d2b509d9 (webtiles) character file.

Game seed: 1119529500141007257, levelgen mode: deterministic

14846 Peloso the Blocker (level 12, 0/96 HPs)
             Began as a Gnoll Fighter on May 15, 2020.
             Was a High Priest of Okawaru.
             Killed by vampiric draining
             ... invoked by a vampire
              (12 damage)
             ... on level 15 of the Dungeon on May 16, 2020.
             The game lasted 00:32:38 (12336 turns).

Peloso the Blocker (Gnoll Fighter)                 Turns: 12336, Time: 00:32:38

Health: 0/96       AC: 21    Str: 25    XL:     12   Next: 20%
Magic:  21/22      EV: 14    Int: 12    God:    Okawaru [*****.]
Gold:   451        SH: 18    Dex: 14    Spells: 24/24 levels left

rFire    . . .     SeeInvis .   a - +5 demon blade (venom)
rCold    . . .     Gourm    .   c - +0 shield
rNeg     . . .     Faith    .   y - +0 plate armour
rPois    .         Spirit   .   (no helmet)
rElec    .         Reflect  +   C - +2 cloak
rCorr    .         Harm     .   i - +0 pair of gloves
MR       .....                  (no boots)
Stlth    +.........             I - +4 amulet of reflection
HPRegen  0.26/turn              J - +2 ring of intelligence
MPRegen  0.18/turn              (no ring)

@: heroism
A: distributed training, fangs 1, strong nose
a: Heroism, Finesse, Renounce Religion


You were on level 15 of the Dungeon.
You worshipped Okawaru.
Okawaru was extremely pleased with you.
You were hungry.

You visited 2 branches of the dungeon, and saw 14 of its levels.

You collected 553 gold pieces.
You spent 102 gold pieces at shops.

Inventory:

Hand Weapons
 a - a +5 demon blade of venom (weapon)
 b - a +5 long sword of freezing
 M - a +0 dagger of flaming
Armour
 c - a +0 shield (worn)
 i - a +0 pair of gloves (worn)
 j - a +0 chain mail
 y - a +0 plate armour (worn)
 C - a +2 cloak (worn)
Jewellery
 H - an uncursed amulet of magic regeneration
 I - a +4 amulet of reflection (around neck)
 J - a +2 ring of intelligence (left hand)
Wands
 w - a wand of acid (5)
 A - a wand of scattershot (3)
 B - a wand of disintegration (10)
 D - a wand of enslavement (7)
 L - a wand of iceblast (11)
Scrolls
 e - 5 scrolls of noise
 g - 12 scrolls of teleportation
 k - 3 scrolls of enchant armour {unknown}
 p - 4 scrolls of blinking {unknown}
 r - a scroll of fear
 s - 4 scrolls of magic mapping {unknown}
 t - 4 scrolls of amnesia {unknown}
 u - a scroll of fog
 x - 10 scrolls of remove curse
 z - a scroll of enchant weapon
 G - 3 scrolls of vulnerability {unknown}
Potions
 d - a potion of might
 h - 2 potions of magic
 l - a potion of curing
 m - a potion of invisibility
 n - 3 potions of haste
 q - 3 potions of mutation
 v - a potion of flight
 E - a potion of agility
 F - a potion of degeneration
 K - a potion of resistance {unknown}
Miscellaneous
 o - a phantom mirror
Comestibles
 f - 18 rations


   Skills:
 + Level 9.6(14.6) Fighting
 + Level 6.9(11.9) Short Blades
 + Level 8.4(13.4) Long Blades
 + Level 6.9(11.9) Axes
 + Level 6.9(11.9) Maces & Flails
 + Level 6.9(11.9) Polearms
 + Level 6.9(11.9) Staves
 + Level 6.9(11.9) Slings
 + Level 6.9(11.9) Bows
 + Level 6.9(11.9) Crossbows
 + Level 6.9(11.9) Throwing
 + Level 9.6(14.6) Armour
 + Level 6.9(11.9) Dodging
 + Level 6.9(11.9) Stealth
 + Level 9.6(14.6) Shields
 + Level 6.9(11.9) Unarmed Combat
 + Level 6.9 Spellcasting
 + Level 5.7 Conjurations
 + Level 5.7 Hexes
 + Level 5.7 Charms
 + Level 5.7 Summonings
 + Level 5.7 Necromancy
 + Level 5.7 Translocations
 + Level 5.7 Transmutations
 + Level 5.7 Fire Magic
 + Level 5.7 Ice Magic
 + Level 5.7 Air Magic
 + Level 5.7 Earth Magic
 + Level 5.7 Poison Magic
 + Level 7.6 Invocations
 + Level 6.9 Evocations


You had 24 spell levels left.
You didn't know any spells.
Your spell library contained the following spells:

 Spells                   Type           Power        Failure   Level  Hunger
 Apportation              Tloc           ###...       12%         1    None
 Beastly Appendage        Tmut           ###...       12%         1    None
 Flame Tongue             Conj/Fire      ###..        12%         1    None
 Magic Dart               Conj           ###.         12%         1    None
 Blink                    Tloc           N/A          19%         2    #......
 Call Imp                 Summ           ###.....     19%         2    #......
 Shroud of Golubria       Chrm/Tloc      ###...       19%         2    #......
 Slow                     Hex            ###.....     19%         2    #......
 Sticks to Snakes         Tmut           ###.....     19%         2    #......
 Conjure Flame            Conj/Fire      ###.....     34%         3    ###....
 Mephitic Cloud           Conj/Pois/Air  ###.....     34%         3    ###....
 Recall                   Summ/Tloc      N/A          34%         3    ###....
 Petrify                  Tmut/Erth      ###.....     75%         4    ####...
 Summon Lightning Spire   Summ/Air       ###.....     75%         4    ####...
 Bolt of Magma            Conj/Fire/Erth ###.......   97%         5    ######.
 Iskenderun's Battlesphe  Conj/Chrm      ###.....     97%         5    ######.
 Silence                  Hex/Air        ###.......   97%         5    ######.
 Venom Bolt               Conj/Pois      ###.......   97%         5    ######.
 Deflect Missiles         Chrm/Air       ###.......   100%        6    #######
 Iron Shot                Conj/Erth      ###.......   100%        6    #######
 Dragon Form              Tmut           ###.......   100%        7    #######
 Orb of Destruction       Conj           ###.......   100%        7    #######
 Spellforged Servitor     Conj/Summ      ###.......   100%        7    #######


Dungeon Overview and Level Annotations

Branches:
Dungeon (12/15)            Temple (1/1) D:7            Lair (0/6) D:9
    Orc (0/2) D:10

Altars:
Dithmenos
Elyvilon
Hepliaklqana
Makhleb
Okawaru
Sif Muna
Trog
Wu Jian
The Shining One

Shops:
D:4 *?   D:6 *   D:8 :   D:10 %

Annotations:
D:11 Kirke


Innate Abilities, Weirdness & Mutations

Your experience applies equally to all skills.
You have very sharp teeth.
Your uncanny sense of smell can sniff out nearby items.


Message History

The wizard mumbles some strange words.
The wizard blinks!
Found a helmet.
Unknown command.
You feel better. You block something's attack. x2
You hit something but do no damage. You block something's attack.
Something barely misses you.
You miss something. You closely miss something.
The manticore flicks its tail.
The volley of spikes reflects off an invisible shield around you!
The volley of spikes hits the manticore.
Something hits you but does no damage. Something bites you but does no damage.
You hit something but do no damage. You bite something.
Unholy energy fills the air.
* * * LOW HITPOINT WARNING * * *
You hit something.
Unknown command.
You slash something!
Unholy energy fills the air.
You die...

#.#######..####...######
.......................
............(..........
.........(.............
........(...(..........
.....(((...............
#....##)#####...##..###
#....##{##.##...# ..#
.......@..H.?.........
..............p.... ..
....................
....................
#...##+###...## #...
...# ... ..... ยง[ ....


You could see a manticore and a wizard.

Vanquished Creatures
  2 centaur warriors
  Sonja (D:10)
  Nergalle (D:12)
  A necromancer (D:11)
  2 deep elf magi
  A manticore (D:11)
  Psyche (D:9)
  A centaur zombie (D:12)
  A troll (D:11)
  Prince Ribbit (D:6)
  2 hippogriffs
  7 hogs
  11 yaks
  A wyvern (D:12)
  2 hungry ghosts
  2 wargs
  An eye of draining (D:12)
  6 sky beasts
  7 orc warriors
  A black bear (D:10)
  3 ice beasts
  9 ogres
  2 necrophages (D:7)
  4 centaurs
  A big kobold (D:10)
  6 bullfrogs
  A gnoll sergeant (D:10)
  2 wyvern zombies (D:12)
  5 jellies
  4 scorpions
  3 killer bees
  13 wights
  2 howler monkeys
  4 crimson imps
  2 quasits
  A bullfrog zombie (D:6)
  6 hounds
  Crazy Yiuf (D:5)
  9 orc priests
  10 orc wizards
  An iguana (D:12)
  4 worker ants
  4 wolf simulacra (D:11)
  A yak simulacrum (D:11)
  3 polar bear simulacra (D:11)
  A hound skeleton (D:4)
  2 worker ant zombies
  9 gnolls
  13 adders
  2 shadow imps
  6 oozes
  6 adder zombies
  2 adder skeletons
  3 worms
  A dart slug (D:4)
  9 leopard geckos
  39 orcs
  5 giant cockroaches
  4 goblins
  6 hobgoblins
  10 jackals
  5 quokkas
  3 ball pythons
  2 bats
  6 frilled lizards
  13 kobolds
  A quokka skeleton (D:7)
  4 rats
  3 river rat simulacra (D:11)
308 creatures vanquished.

Vanquished Creatures (others)
  A shadow imp (D:15)
1 creature vanquished.

Grand Total: 309 creatures vanquished

Notes
Turn   | Place    | Note
-------+----------+-------------------------------------------
     0 | D:1      | Peloso the Gnoll Fighter began the quest for the Orb.
     0 | D:1      | Reached XP level 1. HP: 23/23 MP: 1/1
    60 | D:1      | Reached XP level 2. HP: 10/29 MP: 2/2
   460 | D:1      | You fall into a shaft and drop 1 floor!
   480 | D:2      | Noticed a bullfrog
   493 | D:2      | Killed a bullfrog
   493 | D:2      | Reached skill level 1 in Short Blades
   493 | D:2      | Reached skill level 1 in Axes
   493 | D:2      | Reached skill level 1 in Maces & Flails
   493 | D:2      | Reached skill level 1 in Polearms
   493 | D:2      | Reached skill level 1 in Staves
   493 | D:2      | Reached skill level 1 in Slings
   493 | D:2      | Reached skill level 1 in Bows
   493 | D:2      | Reached skill level 1 in Crossbows
   493 | D:2      | Reached skill level 1 in Throwing
   493 | D:2      | Reached skill level 1 in Dodging
   493 | D:2      | Reached skill level 1 in Stealth
   493 | D:2      | Reached skill level 1 in Unarmed Combat
   493 | D:2      | Reached skill level 1 in Spellcasting
   493 | D:2      | Reached skill level 1 in Invocations
   493 | D:2      | Reached skill level 1 in Evocations
   493 | D:2      | Reached XP level 3. HP: 12/35 MP: 2/4
   493 | D:2      | Reached XP level 4. HP: 14/41 MP: 2/5
   872 | D:3      | Reached skill level 1 in Conjurations
   872 | D:3      | Reached skill level 1 in Hexes
   872 | D:3      | Reached skill level 1 in Charms
   872 | D:3      | Reached skill level 1 in Summonings
   872 | D:3      | Reached skill level 1 in Necromancy
   872 | D:3      | Reached skill level 1 in Translocations
   872 | D:3      | Reached skill level 1 in Transmutations
   872 | D:3      | Reached skill level 1 in Fire Magic
   872 | D:3      | Reached skill level 1 in Ice Magic
   872 | D:3      | Reached skill level 1 in Air Magic
   872 | D:3      | Reached skill level 1 in Earth Magic
   872 | D:3      | Reached skill level 1 in Poison Magic
   887 | D:3      | Reached XP level 5. HP: 34/47 MP: 6/6
  2333 | D:3      | Noticed a sky beast
  2351 | D:3      | Killed a sky beast
  2351 | D:3      | Reached XP level 6. HP: 36/53 MP: 8/8
  2704 | D:4      | Found Leadd's Assorted Antiques.
  2768 | D:4      | Reached skill level 5 in Long Blades
  2891 | D:4      | Reached XP level 7. HP: 34/59 MP: 10/10
  3387 | D:4      | Found a white marble altar of Elyvilon.
  3424 | D:4      | Found Oruirphi's Magic Scroll Shop.
  3446 | D:4      | Bought a scroll of identify for 22 gold pieces
  3446 | D:4      | Bought a scroll of identify for 22 gold pieces
  3446 | D:4      | Bought a scroll of remove curse for 33 gold pieces
  3446 | D:4      | Bought a scroll of random uselessness for 11 gold pieces
  3818 | D:5      | Entered Level 5 of the Dungeon
  3836 | D:5      | Reached XP level 8. HP: 67/67 MP: 12/12
  4688 | D:5      | Found a runed translucent door.
  4689 | D:5      | Noticed Crazy Yiuf
  5092 | D:5      | Killed Crazy Yiuf
  5344 | D:6      | Reached XP level 9. HP: 67/72 MP: 14/14
  5426 | D:6      | Found Kuwody's General Store.
  5439 | D:6      | Bought a scroll of noise for 14 gold pieces
  5655 | D:6      | Noticed Prince Ribbit
  5862 | D:6      | Killed Prince Ribbit
  6119 | D:7      | Found a staircase to the Ecumenical Temple.
  6172 | Temple   | Entered the Ecumenical Temple
  6208 | Temple   | Became a worshipper of Warmaster Okawaru
  6457 | D:7      | Identified Guxzitun's Incunabulum of Quantum Transformation
  6859 | D:7      | Reached skill level 5 in Invocations
  6893 | D:8      | Found Jithristekiq's Book Shop.
  7189 | D:8      | Reached * piety under Okawaru
  7189 | D:8      | Reached XP level 10. HP: 80/80 MP: 17/17
  7210 | D:9      | Found a staircase to the Lair.
  8057 | D:9      | Reached skill level 5 in Short Blades
  8057 | D:9      | Reached skill level 5 in Axes
  8057 | D:9      | Reached skill level 5 in Maces & Flails
  8057 | D:9      | Reached skill level 5 in Polearms
  8057 | D:9      | Reached skill level 5 in Staves
  8057 | D:9      | Reached skill level 5 in Slings
  8057 | D:9      | Reached skill level 5 in Bows
  8057 | D:9      | Reached skill level 5 in Crossbows
  8057 | D:9      | Reached skill level 5 in Throwing
  8057 | D:9      | Reached skill level 5 in Dodging
  8057 | D:9      | Reached skill level 5 in Stealth
  8057 | D:9      | Reached skill level 5 in Unarmed Combat
  8057 | D:9      | Reached skill level 5 in Spellcasting
  8057 | D:9      | Reached skill level 5 in Evocations
  8074 | D:9      | Noticed a centaur warrior
  8096 | D:9      | Killed a centaur warrior
  8300 | D:9      | Noticed Psyche
  8310 | D:9      | Killed Psyche
  8431 | D:9      | Reached ** piety under Okawaru
  8947 | D:10     | Entered Level 10 of the Dungeon
  9494 | D:10     | Reached XP level 11. HP: 76/87 MP: 19/19
  9564 | D:10     | Reached *** piety under Okawaru
  9654 | D:10     | Noticed Sonja
  9667 | D:10     | Killed Sonja
  9682 | D:10     | Received a gift from Okawaru
  9781 | D:10     | Identified the Tome of the Floating Blaze
  9849 | D:10     | HP: 2/87 [orc priest/divine providence (12)]
 10208 | D:10     | Found Ygybeleh's Food Boutique.
 10412 | D:10     | Found a staircase to the Orcish Mines.
 10475 | D:9      | Upgraded the game from 0.24.1-11-gbbbb2193e6 to
                  | 0.24.1-14-gf8d2b509d9
 10520 | D:10     | Reached skill level 5 in Conjurations
 10520 | D:10     | Reached skill level 5 in Hexes
 10520 | D:10     | Reached skill level 5 in Charms
 10520 | D:10     | Reached skill level 5 in Summonings
 10520 | D:10     | Reached skill level 5 in Necromancy
 10520 | D:10     | Reached skill level 5 in Translocations
 10520 | D:10     | Reached skill level 5 in Transmutations
 10520 | D:10     | Reached skill level 5 in Fire Magic
 10520 | D:10     | Reached skill level 5 in Ice Magic
 10520 | D:10     | Reached skill level 5 in Air Magic
 10520 | D:10     | Reached skill level 5 in Earth Magic
 10520 | D:10     | Reached skill level 5 in Poison Magic
 10909 | D:11     | Noticed a manticore
 10917 | D:11     | Killed a manticore
 11012 | D:11     | Noticed a necromancer
 11022 | D:11     | Killed a necromancer
 11340 | D:11     | Reached **** piety under Okawaru
 11474 | D:12     | Noticed a deep elf mage
 11484 | D:11     | Killed a deep elf mage
 11497 | D:12     | Noticed Kirke
 11506 | D:11     | Received a gift from Okawaru
 11559 | D:12     | HP: 2/89 [yak (11)]
 11864 | D:12     | Noticed Nergalle
 11873 | D:12     | Killed Nergalle
 11935 | D:12     | Reached ***** piety under Okawaru
 11935 | D:12     | Reached XP level 12. HP: 93/96 MP: 16/22
 12264 | D:12     | You fall into a shaft and drop 3 floors!
 12264 | D:15     | Entered Level 15 of the Dungeon
 12271 | D:15     | Received a gift from Okawaru
 12300 | D:15     | Noticed a centaur warrior
 12312 | D:15     | Killed a centaur warrior
 12336 | D:15     | Killed from afar by a vampire

Levels and vault maps discovered:
D:1:      evilmike_arrival_hilbert_curve, layout_basic, minmay_door_square,
          hex_medium
D:2:      layout_basic, first_ration
D:3:      layout_rooms
D:4:      layout_basic, overflow_temple_1_default, serial_shops, shop_statue,
          nicolae_shop_crystal, serial_undead, serial_undead_c, serial_undead_c,
          serial_undead_e, serial_undead_e, dk_rats_in_the_wall
D:5:      layout_loops_ring, uniq_crazy_yiuf_cottage
D:6:      layout_gridville, serial_shops, nicolae_shop_statue_plus,
          uniq_prince_ribbit1
D:7:      layout_gridville, minmay_temple_entry_ruins, grunt_ministairs_2
D:8:      layout_basic, serial_shops, shop
D:9:      layout_layer_cave, erik_lair_orcish_takeover, uniq_psyche
D:10:     layout_irregular_city, david_orc_4, serial_shops, nicolae_shop_trees,
          hangedman_little_slice_of_home, uniq_sonja
D:11:     layout_small_grid, eino_house_with_fridge
D:12:     layout_rooms, kennysheep_generic_room_12, uniq_nergalle, uniq_kirke
D:15:     grunt_enter_depths_giant_problem, layout_gridville,
          minmay_misc_feat_encased
Temple:   minmay_crystal_snake_temple

Skill      XL: |  1  2  3  4  5  6  7  8  9 10 11 |
---------------+----------------------------------+-----
Short Blades   | 1 2 3 4 5 6 |  6.9
Axes           | 1 2 3 4 5 6 |  6.9
Maces & Flails | 1 2 3 4 5 6 |  6.9
Polearms       | 1 2 3 4 5 6 |  6.9
Staves         | 1 2 3 4 5 6 |  6.9
Slings         | 1 2 3 4 5 6 |  6.9
Bows           | 1 2 3 4 5 6 |  6.9
Crossbows      | 1 2 3 4 5 6 |  6.9
Throwing       | 1 2 3 4 5 6 |  6.9
Dodging        | 1 2 3 4 5 6 |  6.9
Stealth        | 1 2 3 4 5 6 |  6.9
Unarmed Combat | 1 2 3 4 5 6 |  6.9
Spellcasting   | 1 2 3 4 5 6 |  6.9
Invocations    | 1 2 3 4 5 6 7 |  7.6
Evocations     | 1 2 3 4 5 6 |  6.9
Conjurations   | 1 2 3 4 5 |  5.7
Hexes          | 1 2 3 4 5 |  5.7
Charms         | 1 2 3 4 5 |  5.7
Summonings     | 1 2 3 4 5 |  5.7
Necromancy     | 1 2 3 4 5 |  5.7
Translocations | 1 2 3 4 5 |  5.7
Transmutations | 1 2 3 4 5 |  5.7
Fire Magic     | 1 2 3 4 5 |  5.7
Ice Magic      | 1 2 3 4 5 |  5.7
Air Magic      | 1 2 3 4 5 |  5.7
Earth Magic    | 1 2 3 4 5 |  5.7
Poison Magic   | 1 2 3 4 5 |  5.7
Long Blades    | 5 6 7 8 |  8.4
Fighting       | 7 8 9 |  9.6
Armour         | 7 8 9 |  9.6
Shields        | 7 8 9 |  9.6

Action                   |  1- 3 |  4- 6 |  7- 9 | 10-12 || total
-------------------------+-------+-------+-------+-------++-------
Melee: Long sword        |    46 |   185 |   398 |   527 ||  1156
       Bite              |     1 |    26 |    66 |    81 ||   174
       Demon blade       |       |       |       |    26 ||    26
Invok: Heroism           |       |       |       |     7 ||     7
Evoke: Wand              |       |       |     2 |     1 ||     3
  Use: Potion            |       |     3 |     6 |     6 ||    15
       Scroll            |       |     4 |     3 |    10 ||    17
  Eat: Chunk             |       |     3 |    12 |    18 ||    33
       Ration            |       |     1 |     1 |       ||     2
Armor: Scale mail        |    28 |       |       |       ||    28
       Chain mail        |     9 |    78 |   188 |   118 ||   393
       Plate armour      |       |       |       |   145 ||   145
Dodge: Dodged            |    28 |    45 |   110 |   181 ||   364
Block: Shield            |    52 |   102 |   199 |   415 ||   768
       Reflection        |       |       |       |     5 ||     5
       Rpst.: Long sword |     8 |    15 |    44 |    52 ||   119
